 Dungeon Crawl Stone Soup version 0.22.0-49-gab54619674 (webtiles) character file.

46 JedernureinKreuz the Conjurer (level 3, 0/19 HPs)
             Began as a Deep Elf Conjurer on Sept 7, 2018.
             Slain by Terence
             ... wielding a +0 falchion
              (3 damage)
             ... on level 2 of the Dungeon.
             The game lasted 00:05:25 (1375 turns).

JedernureinKreuz the Conjurer (Deep Elf Conjurer)   Turns: 1375, Time: 00:05:26

Health: 0/19       AC:  2    Str:  5    XL:     3   Next: 46%
Magic:  0/9        EV: 13    Int: 20    God:
Gold:   93         SH:  0    Dex: 15    Spells: 4/8 levels left

rFire    . . .     SeeInvis .   b - +0 dagger
rCold    . . .     Gourm    .   (no shield)
rNeg     . . .     Faith    .   a - +0 robe
rPois    .         Spirit   .   (no helmet)
rElec    .         Reflect  .   (no cloak)
rCorr    .         Harm     .   (no gloves)
MR       .....                  (no boots)
Stlth    ++........             (no amulet)
HPRegen  0.06/turn              (no ring)
MPRegen  0.11/turn              (no ring)

@: very slightly contaminated
A: no striking features
a: no special abilities


You were on level 2 of the Dungeon.
You were not hungry.

You visited 1 branch of the dungeon, and saw 2 of its levels.

You collected 93 gold pieces.

Inventory:

Hand Weapons
 b - a +0 dagger (weapon)
 d - a +0 spear
Armour
 a - a +0 robe (worn)
Jewellery
 i - a +5 ring of strength {unknown}
Scrolls
 e - 2 scrolls of magic mapping {unknown}
 f - a scroll of remove curse {unknown}
 g - a scroll of random uselessness {unknown}
 h - a scroll of identify {unknown}
 m - a scroll of fog {unknown}
 n - a scroll of teleportation {unknown}
Potions
 j - a potion of might {unknown}
 k - a potion of heal wounds {unknown}
 l - a potion of lignification {unknown}
 o - a potion of mutation {unknown}
Comestibles
 c - 3 rations


   Skills:
 + Level 0.5 Short Blades
 + Level 3.0 Dodging
 + Level 2.9 Stealth
 + Level 3.3 Spellcasting
 + Level 5.1 Conjurations


You had 4 spell levels left.
You knew the following spells:

 Your Spells              Type           Power        Failure   Level  Hunger
a - Magic Dart            Conj           ###.         1%          1    None
b - Dazzling Spray        Conj/Hex       ##....       14%         3    ###....

Your spell library contained the following spells:

 Spells                   Type           Power        Failure   Level  Hunger
 Searing Ray              Conj           ###...       2%          2    ##.....
 Iskenderun's Mystic Bla  Conj           ###.....     17%         4    ####...
 Force Lance              Conj/Tloc      ##......     43%         4    ####...
 Fulminant Prism          Conj/Hex       ##........   43%         4    ####...


Dungeon Overview and Level Annotations

Branches:
Dungeon (2/15)

Altars:

Annotations:
D:2 Terence


Message History

Terence is severely wounded.
Terence closely misses you.
Casting: Magic Dart (safe; 1% risk of failure)
Confirm with . or Enter, or press ? or * to list all spells.
Aiming: Magic Dart (safe; 1% risk of failure)
Press: ? - help, Shift-Dir - straight line, f/p - Terence
Aim: Terence, wielding a falchion and wearing a scale mail (severely wounded)
The magic dart hits Terence.
Terence is almost dead.
You hit Terence but do no damage.
Terence is almost dead.
Terence misses you.
You hit Terence.
Terence is almost dead.
Terence hits you with a falchion.
* * * LOW HITPOINT WARNING * * *
You hit Terence but do no damage.
Terence is almost dead.
Terence hits you with a falchion.
You die...

##.####.).
#.!.......
#.....$..%
#.......#
#.....>.#
#.....$.#
#..@....# #@# #.#
#.#
#.################
#.................
##################


You could see Terence.

Vanquished Creatures
  2 adders (D:2)
  3 leopard geckos (D:1)
  2 giant cockroaches
  5 hobgoblins (D:1)
  4 kobolds
  2 bats (D:1)
  4 goblins (D:1)
  2 rats (D:1)
24 creatures vanquished.

Notes
Turn   | Place    | Note
-------+----------+-------------------------------------------
     0 | D:1      | JedernureinKreuz the Deep Elf Conjurer began the quest for
                  | the Orb.
     0 | D:1      | Reached XP level 1. HP: 10/10 MP: 6/6
   463 | D:1      | Reached XP level 2. HP: 15/15 MP: 6/8
   788 | D:1      | Reached skill level 5 in Conjurations
  1116 | D:2      | Reached XP level 3. HP: 19/19 MP: 4/9
  1352 | D:2      | Noticed Terence
  1359 | D:2      | Learned a level 3 spell: Dazzling Spray
  1375 | D:2      | Slain by Terence

Skill      XL: |  1  2  3 |
---------------+----------+-----
Conjurations   | 5 |  5.1
Dodging        | 3 |  3.0
Short Blades   | |  0.5
Stealth        | |  2.9
Spellcasting   | |  3.3

Action                   || total
-------------------------++-------
Melee: Dagger            ||    21
Throw: Throwing net      ||     1
 Cast: Magic Dart        ||    46
       Dazzling Spray    ||     1
  Eat: Chunk             ||     1
Armor: Robe              ||     3
Dodge: Dodged            ||    15
